Cogmind - Beta 11.1 @@@ ROGUE MODE // 2022.09.22 @ 12:11:38 Player: deadnoob Result: Destroyed by D-53 Grenadier with Mini Grenade Launcher Performance ------------- Evolutions (0) 0 Regions Visited (2) 400 Robots Destroyed (1) 5 Value Destroyed (34) 34 Prototype IDs (0) 0 Alien Tech Used (0) 0 Bonus (-12) -12 TOTAL SCORE: 427 Bonus ------- Friendly Fire -12 Cogmind --------- Core Integrity 0/250 Matter 148/300 Energy 83/100 System Corruption 0% Temperature Cool (0) Movement Treading (240) Ox1 Location -10/Mines Parts ------- > --- POWER (1) -------- (None) > --- PROPULSION (2) --- Light Treads Light Treads > --- UTILITY (2) ------ High-capacity Storage Unit Targeting Computer > --- WEAPON (2) ------- Assault Rifle > --- INVENTORY (20) --- Light Ion Engine Light Treads Light Treads Light Treads Light Treads Light Treads Light Treads Light Treads Light Treads Light Treads Armored Wheel Shield Generator Assault Rifle Assault Rifle Light Assault Rifle Grenade Launcher Datajack Peak State ------------ > --- POWER ------------ Ion Engine > --- PROPULSION ------- Armored Wheel Armored Wheel > --- UTILITY ---------- High-capacity Storage Unit Targeting Computer > --- WEAPON ----------- Medium Laser Assault Rifle > --- INVENTORY -------- Light Ion Engine Light Treads Light Treads Light Treads Light Treads Light Treads Light Treads Light Treads Light Treads Light Treads Light Treads Light Treads Structural Scanner Assault Rifle Assault Rifle Assault Rifle Assault Rifle Light Assault Rifle Grenade Launcher Datajack [Rating: 11] Favorites ----------- Power Ion Engine Engine Ion Engine Propulsion Armored Wheel Treads Light Treads Leg Aluminum Leg Wheel Armored Wheel Utility Targeting Computer Storage High-capacity Storage Unit Processor Targeting Computer Weapon Medium Laser Energy Gun Medium Laser Ballistic Gun Assault Rifle Launcher Grenade Launcher Build | -11 -10 -10 ------- Run | Scr Mat Min Slots Evolved . | . . . Power . | . . . Propulsion . | . . . Utility . | . . . Weapon . | . . . Parts Attached 14 | . 9 5 Power . | . . . Engine . | . . . Core . | . . . Reactor . | . . . Propulsion 7 | . 5 2 Treads 3 | . 1 2 Leg . | . . . Wheel 4 | . 4 . Hover . | . . . Flight . | . . . Utility 2 | . 2 . Device . | . . . Storage 1 | . 1 . Processor 1 | . 1 . Hackware . | . . . Protection . | . . . Artifact . | . . . Weapon 5 | . 2 3 Energy Gun . | . . . Energy Cannon . | . . . Ballistic Gun 4 | . 1 3 Ballistic Cannon . | . . . Launcher 1 | . 1 . Special Weapon . | . . . Impact Weapon . | . . . Slashing Weapon . | . . . Piercing Weapon . | . . . Special Melee Weapon . | . . . Unidentified Prototypes . | . . . Parts Lost 5 | . . 5 Power 1 | . . 1 Propulsion 1 | . . 1 Utility . | . . . Weapon 3 | . . 3 Highest Loss Streak 5 | . . 5 To Critical Strikes . | . . . Average Slot Usage (%) 98 | . 98 98 Engine 13 | . 14 12 Leg 1 | . 2 . Wheel 26 | . 25 26 Storage 14 | . 14 14 Processor 13 | . 12 14 Energy Gun 13 | . 14 12 Ballistic Gun 8 | . 14 3 Launcher 5 | . . 12 Naked Turns . | . . . Heaviest Build 50 | 13 50 50 Greatest Support 24 | 20 24 24 Greatest Overweight (x) 2 | . 2 2 Average Overweight (x) 1 | . 1 2 Largest Inventory Capacity 20 | . 20 20 Average Capacity 19 | . 18 20 Most Carried 20 | . 20 20 Average Carried 16 | . 14 19 Final Capacity 20 | 8 20 20 Final Carried 20 | 6 20 17 Class Distribution -------------------- 100% | Mutant Dominant Class ---------------- Mutant | -10/Materials Mutant | -10/Mines Resources | -11 -10 -10 ----------- Run | Scr Mat Min Matter Collected 241 | 181 36 24 Remotely . | . . . Salvage Created 83 | . 36 47 Parts 3 | . 3 . Haulers Intercepted . | . . . Recyclers Shooed . | . . . Parts Field Recycled . | . . . Retrieved Matter . | . . . Parts Self-Destructed . | . . . Prevented . | . . . Kills | -11 -10 -10 ------- Run | Scr Mat Min Combat Hostiles Destroyed 14 | . 1 13 Guns 1 | . 1 . AOE 13 | . . 13 Classes Destroyed 2 | . 1 1 Grunt 1 | . 1 . Assembled 13 | . . 13 Best Kill Streak 13 | . 1 13 Combat Bots Only 13 | . 1 13 Max Kills in Single Turn 5 | . 1 5 Gunslinging . | . . . Exploded 5 | . . 5 Melee . | . . . Uniques/NPCs Destroyed . | . . . Combat | -11 -10 -10 -------- Run | Scr Mat Min Damage Taken 1051 | . 20 1031 Core 255 | . 10 245 Absorbed by Shields . | . . . Core Remaining (%) 100 | 100 . . Volleys Fired 14 | . 3 11 Largest 2 | . 2 2 Hottest 70 | . 70 70 Shots Fired 25 | . 6 19 Gun 22 | . 6 16 Cannon . | . . . Launcher 3 | . . 3 Special . | . . . Kinetic 16 | . 3 13 Thermal 6 | . 3 3 Explosive 3 | . . 3 Electromagnetic . | . . . Robot Hit Streak 5 | . 1 5 Robot Miss Streak 2 | . 1 2 Penetration Max . | . . . Secondary Targets . | . . . Shots Hit Robots 16 | . 3 13 Core Hits 36 | . 2 34 Critical Kills . | . . . Critical Parts Destroyed . | . . . Critical Strikes 2 | . 1 1 Burn 2 | . 1 1 Melee Attacks . | . . . Impact . | . . . Slashing . | . . . Piercing . | . . . Sneak Attacks . | . . . Combat Hostiles . | . . . Follow-up Attacks . | . . . Damage Inflicted 962 | . 36 926 Guns 198 | . 36 162 Cannons . | . . . Explosions 764 | . . 764 Melee . | . . . Ramming . | . . . Kinetic 137 | . . 137 Thermal 61 | . 36 25 Explosive 764 | . . 764 Electromagnetic . | . . . Impact . | . . . Slashing . | . . . Piercing . | . . . Highest Corruption . | . . . Average Corruption . | . . . Corruption Purged . | . . . Corruption Blocked . | . . . Overload Shots . | . . . Overflow Damage . | . . . Projectiles . | . . . Explosions . | . . . Melee . | . . . Knockbacks . | . . . Impact . | . . . Kinetic . | . . . Secondary . | . . . Self-Inflicted Damage . | . . . Shots . | . . . Rammed . | . . . Targets Rammed . | . . . Kicked . | . . . Crushed . | . . . Highest Temperature 39 | . 39 24 Average Temperature 18 | . 21 14 Received Heat Transfer 12 | . 12 . Siege Activations . | . . . Robots Corrupted . | . . . Combat Hostiles . | . . . Parts Fried . | . . . Impact Corruptions . | . . . Robots Melted . | . . . Combat Hostiles . | . . . Parts Melted . | . . . Heat Transferred 333 | . 185 148 Parts Sabotaged . | . . . Parts Stolen . | . . . Parts Stripped . | . . . Power Chain Reactions . | . . . Missiles Intercepted . | . . . Alert | -11 -10 -10 ------- Run | Scr Mat Min Peak Influence 49 | . 44 49 Initial 16 | . . 16 Average 20 | . 20 19 Maximum Alert Level . | . . . Low Security (%) 100 | . 100 100 Level 1 . | . . . Level 2 . | . . . Level 3 . | . . . Level 4 . | . . . Level 5 . | . . . High Security . | . . . Max Security . | . . . Squads Dispatched . | . . . Investigation . | . . . Extermination . | . . . Reinforcement . | . . . Assault . | . . . Garrison . | . . . Intercept . | . . . Searches Triggered . | . . . Construction Impeded . | . . . Haulers Reinforced . | . . . Active Scanning Responses . | . . . Cargo Convoy Interrupts . | . . . Stealth | -11 -10 -10 --------- Run | Scr Mat Min Distress Signals . | . . . Communications Jammed . | . . . Distress Signals . | . . . Times Spotted 26 | . 4 22 Peak Tracking Total 15 | . 3 15 Tactical Retreats 1 | . . 1 Traps | -11 -10 -10 ------- Run | Scr Mat Min Traps Triggered . | . . . Indirectly . | . . . Trap Hack Attempts . | . . . Triggered . | . . . Disarmed . | . . . Reprogrammed . | . . . Reused . | . . . Traps Extracted . | . . . Installed . | . . . Triggered . | . . . Machines | -11 -10 -10 ---------- Run | Scr Mat Min Machines Disabled . | . . . Max in Single Turn . | . . . Machines Sabotaged . | . . . Garrisons Compromised . | . . . Overloaded Fab Kills . | . . . Hacking | -11 -10 -10 --------- Run | Scr Mat Min Machines Accessed 2 | . 2 . Terminals 2 | . 2 . Fabricators . | . . . Repair Stations . | . . . Recycling Units . | . . . Scanalyzers . | . . . Garrison Access . | . . . Total Hacks 9 | . 9 . Successful 7 | . 7 . Failed 2 | . 2 . Catastrophic . | . . . Database Lockouts . | . . . Manual 10 | . 10 . Terminals 9 | . 9 . Fabricators . | . . . Repair Stations . | . . . Recycling Units . | . . . Scanalyzers . | . . . Garrison Access . | . . . Terminal Hacks 5 | . 5 . Robot Analysis 2 | . 2 . Branch Access Points 1 | . 1 . Locate Traps 1 | . 1 . Zone Layout 1 | . 1 . Fabricator Hacks . | . . . Repair Station Hacks . | . . . Recycling Unit Hacks . | . . . Scanalyzer . | . . . Garrison Access Hacks . | . . . Unauthorized Hacks 2 | . 2 . Terminals 2 | . 2 . Botnet 2 | . 2 . Fabricators . | . . . Repair Stations . | . . . Recycling Units . | . . . Scanalyzers . | . . . Garrison Access . | . . . Data Cores Recovered . | . . . Used . | . . . Hacking Detections 2 | . 2 . Full Trace Events . | . . . Feedback Events . | . . . Feedback Blocked . | . . . Robot Schematics Acquired . | . . . Robots Built . | . . . Authchips . | . . . Time . | . . . Total Robot Build Rating . | . . . Part Schematics Acquired . | . . . Parts Built . | . . . Authchips . | . . . Time . | . . . Total Part Build Rating . | . . . Parts Repaired . | . . . Time . | . . . Parts Recycled . | . . . Recycled Matter . | . . . Retrieved Matter . | . . . Retrieved Components . | . . . Parts Scanalyzed . | . . . Part Schematics Acquired . | . . . Parts Damaged . | . . . Bothacking | -11 -10 -10 ------------ Run | Scr Mat Min Used RIF Installer . | . . . Robots Hacked . | . . . Non-combat . | . . . Combat . | . . . Robot Hacks Applied . | . . . Relay Couplers Released . | . . . Fabnet Peak Effective % . | . . . Robots Rewired . | . . . Allies Hacked . | . . . Hacks Repelled . | . . . Allies | -11 -10 -10 -------- Run | Scr Mat Min Total Allies . | . . . Largest Group . | . . . Highest-Rated Group . | . . . Highest-Rated Ally . | . . . Total Orders . | . . . Ally Attacks . | . . . Total Damage . | . . . Kills . | . . . Allies Corrupted . | . . . Allies Melted . | . . . Intel | -11 -10 -10 ------- Run | Scr Mat Min Robot Analysis Total 2 | . 2 . Derelict Logs Recovered . | . . . Drone Launches . | . . . Drone Recoveries . | . . . Exploration | -11 -10 -10 ------------- Run | Scr Mat Min Turns Passed 433 | . 223 210 Spaces Moved 301 | 1 157 143 Core . | . . . Treads . | . . . Legs 17 | 1 16 . Wheels 284 | . 141 143 Hover . | . . . Flight . | . . . Fastest Speed 110 | 120 110 120 Average Speed 115 | 120 112 120 Slowest Speed 120 | 120 120 120 Overloaded Moves . | . . . Propulsion Burnouts . | . . . Robots Hopped . | . . . Cave-ins Triggered . | . . . Exploration Rate (%) 24 | 1 28 43 Regions Visited 2 Branch Regions 1 Pre-discovered Areas 1 | . . 1 Known Exits Taken 1 | . 1 . Unknown Exits Taken 1 | 1 . . Scrap Searched 1 | . . 1 Spaces Dug . | . . . Terrain Destroyed 15 | . . 15 Melee . | . . . Projectile . | . . . AOE 15 | . . 15 Terrain Rammed . | . . . Walls Destroyed . | . . . Machines Disabled . | . . . Actions | -11 -10 -10 --------- Run | Scr Mat Min Total 359 | . 197 162 Wait 9 | . 6 3 Move 299 | . 156 143 Hop . | . . . Pick Up 17 | . 17 . Fast Attach 1 | . 1 . Attach 3 | . . 3 Detach . | . . . Swap 10 | . 8 2 Drop 6 | . 6 . Fire 14 | . 3 11 Melee . | . . . Ram . | . . . Kick . | . . . Crush . | . . . Escape Stasis . | . . . Rewire . | . . . Trap . | . . . Miscellaneous . | . . . Route ------- -11/Scrapyard -10/Materials (discovered 2 exits: *Min x2) -10/Mines History --------- Turn | Location | Event 1 | -11/Scrapyard | Discovered new exit (range 0) 1 | -11/Scrapyard | Entered Materials 117 | -10/Materials | Identified exit to Mines 224 | -10/Materials | Entered Mines 305 | -10/Mines | Learned location of Storage (-9) 317 | -10/Mines | Build established: Mutant 378 | -10/Mines | Assembled infested the area 383 | -10/Mines | Assisted by a Guerilla fighting off Assembled 413 | -10/Mines | Destroyed 13 combat bots 420 | -10/Mines | Core integrity fell below 50% 424 | -10/Mines | Core integrity fell below 20% 434 | -10/Mines | Destroyed by D-53 Grenadier with Mini Grenade Launcher Last Messages --------------- 00400_ U-05 Engineer system terminally corrupted. 00400_ R-06 Scavenger system corrupted by crushing effect. 00400_ R-06 Scavenger knocked back. 00400_ as-31041 destroyed. 00400_ as-15313 destroyed. 00402_ as-72878 destroyed. 00409_ as-10101 destroyed. 00409_ K-01 Serf destroyed. 00410_ The unstable cave ceiling collapses. 00413_ D-53 Grenadier suffers critical hit (Burn). 00413_ Arm. Wheel destroyed. 00414_ Med. Laser destroyed. 00415_ Ion Engine destroyed. 00419_ S-10 Pest destroyed. 00421_ The unstable cave ceiling collapses. 00421_ Assault Rifle destroyed. 00422_ The unstable cave ceiling collapses. 00427_ D-53 Grenadier destroyed. 00428_ The unstable cave ceiling collapses. 00434_ Assault Rifle destroyed. Map ----- +----------------------------------------------------+ | ?????????????????????????????????????????????????? | | ?????????????????????????????????????????????????? | | ?????????????????????????????????????????????????? | | ?????????????????????????????????????????????????? | | ?????????????????????????????????????????????????? | | ??????????????? ?????????????????????????????????? | | ?????????????# ?????????????????????????????????? | | ?????????????# ?????????????????????????????????? | | ?????????????# ?????????????????????????????????? | | ?????????????? ?????????????????????????????????? | | ?????????????? ##????????? ?????????????????????? | | ?????????????? #????????? ???????????????????? | | ??????????????# #????????? ??????????????????? | | ??????????????#"%###??????? "??????????????????? | | ??????????????# " ##????? ""?????????????????? | | ??????????????? ###??? ""?????????????????? | | ??????????????## ##?? ?????????????????? | | #????????????## #?? s "???""?????????????? | | ##????######## #?? ??? "??????????????? | | ###### #??? ??" ???????????????? | | u ##### ?? ????????????????? | | ## ## ##[##????????????????? | | ##### #### # # % ##???????????????? | | #???# ##?# * #s #####???????????? | | #???## ##??# !d] #???????????? | | #????#####???# a @ #????????????????? | | ##????????????# # #????????????????? | | #?????????????# #???????????????? | | #?????????????# # #??????????????? | | #?????????????# ###?? ????????????? | | ??????????????## # #?????? ??????????? | | ???????????? #?###????????# ??????????? | | ??????????# !% = ???????????????????????? | | ??????????# = =%= * ??????????????????????? | | ?????????# =%* u *= ?????????????????????? | | ????????# ## # ## ????????????????????? | | ???????? ### ###?## ????????????????????? | | ???????? ?## #?????##????????????????????? | | ???????## #??# #???????????????????????????? | | ???????######???# ???????????????????????????? | | ???????????????# ????????????????????????????? | | ??????????????###????????????????????????????? | | ?????????????????????????????????????????????? | | ???????????????????????????????????????????????? | | ?????????????????????????????????????????????????? | | ?????????????????????????????????????????????????? | | ?????????????????????????????????????????????????? | | ?????????????????????????????????????????????????? | | ?????????????????????????????????????????????????? | | ?????????????????????????????????????????????????? | +----------------------------------------------------+ Best States ------------- Heat Dissipation 25 Energy Generation 10 Energy Capacity 250 Matter Stores 271 Matter Capacity 300 Sight Range 16 Terrain Scan Density 10 Evasion (%) 50 Targeting Accuracy 5 Recoil Reduction 1 Item Schematics ----------------- None Robot Schematics ------------------ None Fabricated ------------ Nothing Alien Tech Used ----------------- None Achievements -------------- None Challenges ------------ None Game ------ Seed SpliceFireCutter Manual? 0 Play Time 00:06:45 Cumulative 89.5 hours Start 2022.09.22 @ 12:06:54 End 2022.09.22 @ 12:11:38 Sessions 1 Manual Loads 0 Difficulty Rogue Special Mode None Game No. 126 Rogue 126 Adventurer 0 Explorer 0 Win Type - Total 1 Types 1/0/0/0/0/0/0/0/0 Lore% 61 Gallery% 62 Achievement% 49 Wizard Run 0 Options --------- ASCII 0 Keyboard 0 Movement Numpad Keybinds 0 Fullscreen 2 Font 18/SmallcapsGlow Map View 76x50 Tactical HUD 1 Map Filters NONE Filters NONE Steam 1 RUN: 644ced2e-df9a-4827-8d9b-d1869037d29d